 Dungeon Crawl Stone Soup version 0.23-a0-703-gdf2d5e0 (webtiles) character file.

7876 zishaf the Spear-Bearer (level 11, -2/91 HPs)
             Began as a Merfolk Gladiator on Jan 14, 2019.
             Was a Follower of Fedhas.
             Slain by an unseen horror (8 damage)
             ... on level 9 of the Dungeon.
             The game lasted 00:22:18 (10672 turns).

zishaf the Spear-Bearer (Merfolk Gladiator)        Turns: 10672, Time: 00:22:18

Health: -2/91      AC: 10    Str: 18    XL:     11   Next: 22%
Magic:  12/13      EV: 19    Int:  7    God:    Fedhas [*.....]
Gold:   437        SH:  0    Dex: 16    Spells: 10/10 levels left

rFire    + + +     SeeInvis .   a - +0 trident
rCold    . . .     Gourm    .   (no shield)
rNeg     + . .     Faith    .   H - +1 ring mail of Haifumiu {rF++}
rPois    .         Spirit   .   c - +0 helmet
rElec    .         Reflect  .   I - +0 cloak
rCorr    .         Harm     .   (no gloves)
MR       .....                  v - +0 pair of boots
Stlth    +.........             A - amulet of regeneration
HPRegen  0.65/turn              L - ring of protection from fire
MPRegen  0.13/turn              u - ring of positive energy

@: no status effects
A: change form in water, swift swim, stealthy swim
a: Fungal Bloom, Sunlight, Renounce Religion


You were on level 9 of the Dungeon.
You worshipped Fedhas.
Fedhas was aware of your devotion.
You were not hungry.

You visited 2 branches of the dungeon, and saw 10 of its levels.

You collected 437 gold pieces.

Inventory:

Hand Weapons
 a - a +0 trident (weapon)
 b - a +7 hunting sling
Missiles
 d - 3 throwing nets
 k - 200 stones
 l - 15 tomahawks (quivered)
 o - 75 sling bullets
 p - 21 poisoned needles
Armour
 c - a +0 helmet (worn)
 v - a +0 pair of boots (worn)
 H - the +1 ring mail of Haifumiu (worn) {rF++}
   (You found it on level 6 of the Dungeon)

   It greatly protects you from fire.
 I - a +0 cloak (worn)
Jewellery
 u - a ring of positive energy (right hand)
 A - an amulet of regeneration (around neck)
 L - a ring of protection from fire (left hand)
 O - an uncursed amulet of the gourmand {unknown}
Wands
 x - a wand of iceblast (13)
 C - a wand of polymorph (25)
 M - a wand of random effects (23)
Scrolls
 e - 4 scrolls of teleportation
 i - 7 scrolls of random uselessness {unknown}
 j - 2 scrolls of fog {unknown}
 m - 6 scrolls of remove curse
 q - a scroll of magic mapping
 w - a scroll of fear {unknown}
 y - 3 scrolls of silence {unknown}
 B - 5 scrolls of identify
 D - a scroll of blinking {unknown}
 E - 4 scrolls of enchant weapon {unknown}
 F - 2 scrolls of amnesia {unknown}
 G - a scroll of noise {unknown}
Potions
 g - a potion of ambrosia {unknown}
 h - 4 potions of brilliance
 n - a potion of flight
 s - 3 potions of heal wounds
 t - a potion of lignification {unknown}
 z - a potion of berserk rage {unknown}
 J - a potion of might {unknown}
 K - a potion of curing
Comestibles
 f - 8 rations
 r - a chunk of flesh


   Skills:
 + Level 10.2 Fighting
 + Level 13.2 Polearms
 - Level 2.0 Throwing
 - Level 4.0 Armour
 + Level 12.2 Dodging
 + Level 3.4 Invocations


You had 10 spell levels left.
You didn't know any spells.
Your spell library contained the following spells:

 Spells                   Type           Power        Failure   Level  Hunger
 Confusing Touch          Hex            #.....       63%         1    ##.....
 Confuse                  Hex            #.......     94%         3    ####...
 Gell's Gravitas          Tloc           #.........   94%         3    ####...
 Petrify                  Tmut/Erth      #.......     100%        4    #####..
 Metabolic Englaciation   Hex/Ice        #.........   100%        5    ######.
 Yara's Violent Unravell  Hex/Tmut       #.........   100%        5    ######.


Dungeon Overview and Level Annotations

Branches:
Dungeon (9/15)             Temple (1/1) D:5            Lair (0/6) D:8
    Orc: D:9-12

Altars:
Ashenzari
Cheibriados
Dithmenos
Elyvilon
Fedhas
Gozag
Hepliaklqana
Kikubaaqudgha
Makhleb
Nemelex Xobeh
Okawaru
Qazlal
Ru
Sif Muna
Trog
Uskayaw
Vehumet
Wu Jian
Xom
Yredelemnul
Zin
The Shining One

Shops:
D:7 [


Message History

Something hits you but does no damage.
You closely miss something. Something hits you!
* * * LOW HITPOINT WARNING * * *
Something hits your wandering mushroom.
You miss something. Something hits you but does no damage.
You swing at nothing.
Something hits you.
* * * LOW HITPOINT WARNING * * *
You barely miss something. Something hits you!
* * * LOW HITPOINT WARNING * * *
Something hits your wandering mushroom!
You hit something but do no damage. Something hits you.
* * * LOW HITPOINT WARNING * * *
You swing at nothing.
Something closely misses you.
You closely miss something. Something barely misses you.
You swing at nothing.
Something hits you but does no damage.
You hit something but do no damage. Something hits you.
* * * LOW HITPOINT WARNING * * *
Something hits you!
You die...
Fedhas appreciates your contribution to the ecosystem.

.# .# .# ######+## #.#
#.......###### ..
###.......'....## .#
##.'.......####ff##.##
...#.......# ##@....#
####.......#
####....... #.......#
.###### ###'##### .#
#.## .# #..# ##
####'## #..f..#
###+### #.f...#
#.....#


You could see 2 friendly wandering mushrooms.

Vanquished Creatures
  Harold (D:8)
  2 two-headed ogres
  Joseph (D:7)
  Psyche (D:8)
  A hippogriff (D:7)
  Prince Ribbit (D:8)
  4 yaks (D:9)
  A spriggan (D:8)
  Grum (D:8)
  Menkaure (D:5)
  A phantom (D:4)
  4 sky beasts
  A necrophage (D:6)
  An orc warrior (D:8)
  An eye of draining (D:9)
  2 wolves (D:8)
  5 ogres
  2 centaurs
  4 bullfrogs
  A wyvern zombie (D:8)
  4 scorpions
  6 killer bees (D:7)
  4 wights (D:6)
  2 howler monkeys (D:9)
  A crimson imp (D:5)
  A quasit (D:8)
  8 hounds
  2 centaur zombies
  2 jellies
  4 orc priests
  Crazy Yiuf (D:6)
  10 orc wizards
  2 bullfrog skeletons
  2 centaur skeletons
  5 iguanas
  2 worker ants
  A hound zombie (D:8)
  3 gnolls (D:5)
  11 adders
  2 shadow imps
  An adder zombie (D:3)
  3 worms (D:2)
  An adder skeleton (D:7)
  A dart slug (D:1)
  6 leopard geckos
  31 orcs
  8 giant cockroaches
  8 goblins
  6 hobgoblins
  10 jackals
  2 quokkas
  2 ball pythons
  6 bats
  2 frilled lizards
  6 kobolds
  A leopard gecko skeleton (D:4)
  A quokka skeleton (D:7)
  8 rats
212 creatures vanquished.

Vanquished Creatures (others)
  A worker ant zombie (D:9)
  64 toadstools
65 creatures vanquished.

Grand Total: 277 creatures vanquished

Notes
Turn   | Place    | Note
-------+----------+-------------------------------------------
     0 | D:1      | zishaf the Merfolk Gladiator began the quest for the Orb.
     0 | D:1      | Reached XP level 1. HP: 16/16 MP: 1/1
   276 | D:1      | Reached XP level 2. HP: 23/23 MP: 2/2
   522 | D:1      | Reached XP level 3. HP: 28/28 MP: 3/3
   683 | D:1      | Reached skill level 5 in Polearms
  1027 | D:2      | Reached skill level 1 in Armour
  1211 | D:2      | Reached XP level 4. HP: 35/35 MP: 4/4
  2523 | D:3      | Reached XP level 5. HP: 22/41 MP: 5/5
  2525 | D:3      | Reached skill level 5 in Dodging
  3388 | D:4      | Reached skill level 6 in Polearms
  3388 | D:4      | Reached XP level 6. HP: 18/48 MP: 6/6
  4036 | D:4      | Reached XP level 7. HP: 23/55 MP: 7/7
  4215 | D:4      | Reached skill level 7 in Polearms
  5161 | D:4      | Reached skill level 5 in Fighting
  5606 | D:5      | Entered Level 5 of the Dungeon
  5632 | D:5      | Noticed Menkaure
  5637 | D:5      | Killed Menkaure
  5637 | D:5      | Reached XP level 8. HP: 45/62 MP: 8/8
  5828 | D:5      | Reached skill level 8 in Polearms
  6429 | D:5      | Found a staircase to the Ecumenical Temple.
  6439 | Temple   | Entered the Ecumenical Temple
  6630 | Temple   | Became a worshipper of Fedhas Madash
  6734 | D:5      | Found a radiant altar of Vehumet.
  6877 | D:6      | Reached skill level 9 in Polearms
  6932 | D:6      | Reached XP level 9. HP: 71/71 MP: 9/9
  6938 | D:6      | Got a translucent ring mail
  6949 | D:6      | Identified the +1 ring mail of Haifumiu {rF++} (You found
                  | it on level 6 of the Dungeon)
  6964 | D:6      | Found a glowing silver altar of Zin.
  7523 | D:6      | Found an ornate altar of the Wu Jian Council.
  7615 | D:6      | Found a runed door.
  7708 | D:6      | Noticed Crazy Yiuf
  7717 | D:6      | Killed Crazy Yiuf
  7849 | D:7      | Found Uphyvvu's Armour Boutique.
  7885 | D:7      | Reached skill level 10 in Polearms
  8087 | D:7      | Found a hazy altar of Hepliaklqana.
  8087 | D:7      | Found a shimmering altar of Xom.
  8087 | D:7      | Found a bloodstained altar of Trog.
  8497 | D:7      | Found a shattered altar of Ashenzari.
  8501 | D:7      | Noticed Joseph
  8529 | D:7      | Killed Joseph
  8529 | D:7      | Reached skill level 11 in Polearms
  8529 | D:7      | Reached skill level 10 in Dodging
  8841 | D:8      | Reached XP level 10. HP: 73/81 MP: 10/10
  8893 | D:8      | Noticed Grum
  8902 | D:8      | Killed Grum
  8936 | D:8      | Reached * piety under Fedhas
  9136 | D:8      | Found a staircase to the Lair.
  9209 | D:8      | Noticed a two-headed ogre
  9276 | D:8      | Killed a two-headed ogre
  9276 | D:8      | Reached skill level 12 in Polearms
  9466 | D:8      | Noticed Harold
  9489 | D:8      | Killed Harold
  9592 | D:8      | Noticed Prince Ribbit
  9611 | D:8      | Noticed Psyche
  9710 | D:8      | Killed Prince Ribbit
  9868 | D:8      | Killed Psyche
  9868 | D:8      | Reached skill level 1 in Invocations
 10314 | D:9      | Noticed a two-headed ogre
 10328 | D:9      | Killed a two-headed ogre
 10328 | D:9      | Reached skill level 10 in Fighting
 10328 | D:9      | Reached skill level 13 in Polearms
 10328 | D:9      | Reached XP level 11. HP: 54/90 MP: 11/13
 10499 | D:9      | Reached ** piety under Fedhas
 10570 | D:9      | Found a burning altar of Makhleb.
 10672 | D:9      | Slain by an unseen horror

Vault maps used:
D:1:      sevenhm_arrival_forest_fort_large_2, minmay_tetromino_t2
D:2:      first_ration
D:4:      minmay_chambers_of_fours, minmay_fractal_squares_5
D:5:      overflow_temple_1_default, temple_fountains,
          hangedman_decor_slide_cut, uniq_menkaure
D:6:      lemuel_coloured_pillars_altar, old_standard_altar,
          uniq_crazy_yiuf_cottage
D:7:      gammafunk_temple_overflow_claw, evilmike_ruin_ashenzari, serial_shops,
          shop, uniq_joseph
D:8:      dpeg_oklobed_lair, the_bakery, uniq_psyche, uniq_grum, uniq_harold,
          uniq_prince_ribbit1
D:9:      marbit_many_paths, minmay_lizard_king
Temple:   dpeg_chambers_temple

Skill      XL: |  1  2  3  4  5  6  7  8  9 10 11 |
---------------+----------------------------------+-----
Polearms       | 5 6 7 9 11 13 | 13.2
Armour         | 1 2 3 4 |  4.0
Fighting       | 3 4 5 6 8 10 | 10.2
Dodging        | 5 6 7 8 10 12 | 12.2
Invocations    | 2 3 |  3.4
Throwing       | |  2.0

Action                   |  1- 3 |  4- 6 |  7- 9 | 10-12 || total
-------------------------+-------+-------+-------+-------++-------
Melee: Trident           |   109 |   180 |   510 |   364 ||  1163
 Fire: Hunting sling     |       |    27 |     6 |    15 ||    48
Invok: Fungal Bloom      |       |       |    10 |    11 ||    21
       Evolution         |       |       |       |     2 ||     2
Evoke: Wand              |       |       |     3 |     4 ||     7
  Use: Scroll            |       |     6 |     1 |       ||     7
       Potion            |       |       |     2 |     1 ||     3
 Stab: Sleeping          |     2 |     1 |       |       ||     3
       Paralysed         |       |       |       |    17 ||    17
  Eat: Chunk             |     1 |     9 |     6 |     6 ||    22
       Ration            |       |       |     3 |       ||     3
Armor: Leather armour    |    25 |    14 |       |       ||    39
       Ring mail         |       |     3 |    69 |    54 ||   126
       Scale mail        |       |       |    36 |       ||    36
Dodge: Dodged            |    52 |    99 |   280 |   182 ||   613

Table legend:
 A = Non-vault XP
 B = Vault XP
 C = Vault XP percentage of total XP
 D = Non-vault monster count
 E = Vault monster count
 F = Vault count percentage of total count
                 A         B        C        D         E       F
            +---------+---------+-------+---------+---------+-------
      Total |    7979 |    3273 |  29.1 |     192 |      21 |   9.9
            +---------+---------+-------+---------+---------+-------
        D:1 |      48 |       2 |   4.0 |      26 |       1 |   3.7
        D:2 |      57 |       0 |   0.0 |      22 |       0 |   0.0
        D:3 |      84 |       0 |   0.0 |      19 |       0 |   0.0
        D:4 |     789 |     143 |  15.3 |      22 |       8 |  26.7
        D:5 |     690 |     169 |  19.7 |      16 |       1 |   5.9
        D:6 |     894 |     130 |  12.7 |      22 |       2 |   8.3
        D:7 |    1190 |     450 |  27.4 |      23 |       1 |   4.2
        D:8 |    1836 |    2344 |  56.1 |      23 |       7 |  23.3
        D:9 |    2391 |      35 |   1.4 |      19 |       1 |   5.0
            +---------+---------+-------+---------+---------+-------
